 Dungeon Crawl Stone Soup version 0.25.1-2-g60ff931df9 (webtiles) character file.

Game seed: 14291274314011119808

46 Sharkman1231 the Gusty (level 3, -1/26 HPs)
             Began as a Demonspawn Wanderer on Nov 21, 2020.
             Slain by an ooze (3 damage)
             ... on level 2 of the Dungeon.
             The game lasted 00:01:26 (2884 turns).

Sharkman1231 the Gusty (Demonspawn Wanderer)        Turns: 2884, Time: 00:01:27

Health: -1/26      AC:  3    Str: 11    XL:     3   Next: 44%
Magic:  3/3        EV: 14    Int: 13    God:
Gold:   63         SH:  0    Dex: 14    Spells: 2/2 levels left

rFire    . . .     SeeInvis .   a - +0 falchion
rCold    . . .     Gourm    .   (no shield)
rNeg     . . .     Faith    .   d - +0 robe
rPois    .         Spirit   .   l - +0 helmet
rElec    .         Reflect  .   (no cloak)
rCorr    .         Harm     .   (no gloves)
MR       .....                  (no boots)
Stlth    ++........             (no amulet)
HPRegen  0.08/turn              (no ring)
MPRegen  0.08/turn              (no ring)

@: mighty
A: repulsion field 1, rot immunity
a: no special abilities


You were on level 2 of the Dungeon.
You were not hungry.

You visited 1 branch of the dungeon, and saw 2 of its levels.

You collected 63 gold pieces.

Inventory:

Hand Weapons
 a - a +0 falchion (weapon)
 e - a +0 dagger
Armour
 d - a +0 robe (worn)
 l - a +0 helmet (worn)
Scrolls
 b - a scroll of teleportation {unknown}
 h - a scroll of enchant armour {unknown}
 m - a scroll of fear {unknown}
 o - 2 scrolls of identify {unknown}
Potions
 c - a potion of lignification
 g - a potion of flight {unknown}
 i - a potion of degeneration {unknown}
 j - a potion of brilliance {unknown}
 k - a potion of heal wounds {unknown}
 n - a potion of might
Comestibles
 f - 4 rations
 p - 2 chunks of flesh


   Skills:
 + Level 1.3 Fighting
 * Level 2.2 Long Blades
 + Level 1.2 Dodging
 - Level 2.6 Stealth
   Level 1.0 Shields
   Level 2.1 Necromancy
   Level 2.6 Air Magic


You had 2 spell levels left.
You didn't know any spells.
Your spell library contained the following spells:

 Spells                   Type           Power        Failure   Level  Hunger
 Animate Skeleton         Necr           N/A          13%         1    ##.....
 Pain                     Necr           #...         13%         1    ##.....
 Vampiric Draining        Necr           #.........   36%         3    ####...
 Animate Dead             Necr           N/A          77%         4    #####..
 Agony                    Necr           #.......     98%         5    ######.


Dungeon Overview and Level Annotations

Branches:
Dungeon (2/15)

Altars:


Innate Abilities, Weirdness & Mutations

You are surrounded by a mild repulsion field. (EV +2)
You are immune to rotting.


Message History

* * * LOW HITPOINT WARNING * * *
You are too injured to fight recklessly!
You hit the ooze.
The ooze is heavily wounded.
The ooze hits you.
* * * LOW HITPOINT WARNING * * *
The quokka bites you but does no damage.
You are too injured to fight recklessly!
The crimson imp blinks!
The quokka bites you.
* * * LOW HITPOINT WARNING * * *
The quokka barely misses you.
You riposte.
You hit the quokka but do no damage.
The quokka is heavily wounded.
It was a potion of might.
You feel very mighty all of a sudden. The ooze hits you but does no damage.
The quokka barely misses you.
The crimson imp blinks!
The quokka bites you but does no damage.
The ooze hits you.
You die...

....5..#.............
#####.#...#......!......
#.................#.....
#....<..........#.....
#.####.#..........#.....
..........####.#### ..
#.####.r.## #.#
#......J..# #.#
........@>.# #.#
#########.## #.# #.# #l#
#.# #.# #.# #.# #.# #.#
#.#####.## #........#
#######..#


You could see an ooze and a quokka.

Vanquished Creatures
  An adder (D:2)
  A worm (D:2)
  3 dart slugs (D:1)
  A leopard gecko (D:2)
  4 bats
  A giant cockroach (D:2)
  4 goblins
  3 hobgoblins (D:1)
  3 kobolds
  A frilled lizard (D:2)
  5 rats
27 creatures vanquished.

Notes
Turn   | Place    | Note
-------+----------+-------------------------------------------
     0 | D:1      | Sharkman1231 the Demonspawn Wanderer began the quest for
                  | the Orb.
     0 | D:1      | Sharkman1231 set off with the following items: a +0
                  | falchion, a potion of lignification, a +0 robe, a +0
                  | dagger, a ration; and the following spells available to
                  | memorise: Animate Skeleton, Pain, Vampiric Draining,
                  | Animate Dead, Agony
     0 | D:1      | Reached XP level 1. HP: 13/13 MP: 1/1
   409 | D:1      | Gained mutation: You are immune to rotting. [demonic
                  | ancestry]
   409 | D:1      | Reached XP level 2. HP: 17/20 MP: 2/2
   901 | D:1      | Reached skill level 1 in Fighting
  1400 | D:2      | Reached skill level 1 in Dodging
  1400 | D:2      | Gained mutation: You are surrounded by a mild repulsion
                  | field. (EV +2) [demonic ancestry]
  1400 | D:2      | Reached XP level 3. HP: 12/26 MP: 3/3
  1610 | D:2      | HP: 1/26 [crimson imp (3)]
  2874 | D:2      | HP: 1/26 [quokka (1)]
  2884 | D:2      | Slain by an ooze

Illustrated notes

Levels and vault maps discovered:
D:1:      dpeg_arrival_windows_large_door, layout_basic
D:2:      layout_basic, first_ration, serial_forest, infiniplex_forest_join,
          infiniplex_forest_clump_small, infiniplex_forest_straight_3,
          infiniplex_forest_lined_room_3, infiniplex_forest_clump_curved,
          infiniplex_forest_end_1, infiniplex_forest_clump_long,
          infiniplex_forest_clump_long

Skill      XL: |  1  2 |
---------------+-------+-----
Fighting       | 1 |  1.3
Long Blades    | 2 |  2.2
Dodging        | 1 |  1.2
Stealth        | |  2.6
Shields        | |  1.0
Necromancy     | |  2.1
Air Magic      | |  2.6

Action                   || total
-------------------------++-------
Melee: Falchion          ||   139
  Use: Potion            ||     1
 Stab: Sleeping          ||     7
  Eat: Chunk             ||     3
       Ration            ||     1
Armor: Robe              ||    24
Dodge: Dodged            ||   106
       Rpst.: Falchion   ||    32
